 Dungeon Crawl Stone Soup version 0.25.0-33-gff14898491 (webtiles) character file.

Game seed: 6919260893691138648

27 Daniler201 the Grave Robber (level 2, 0/22 HPs)
             Began as a Deep Dwarf Necromancer on July 7, 2020.
             Slain by a gnoll
             ... wielding a +0 halberd
              (12 damage)
             ... on level 2 of the Dungeon.
             The game lasted 00:08:05 (970 turns).

Daniler201 the Grave Robber (Deep Dwarf Necromancer) Turns: 970, Time: 00:08:06

Health: 0/22       AC:  2    Str: 11    XL:     2   Next: 93%
Magic:  3/3        EV: 13    Int: 15    God:
Gold:   41         SH:  0    Dex: 13    Spells: 3/4 levels left

rFire    + . .     SeeInvis .   f - +0 club
rCold    . . .     Gourm    .   (no shield)
rNeg     . . .     Faith    .   a - +0 robe
rPois    .         Spirit   .   (no helmet)
rElec    .         Reflect  +   (no cloak)
rCorr    .         Harm     .   (no gloves)
MR       .....                  (no boots)
Stlth    ++........             h - amulet of reflection
HPRegen  0.00/turn              k - ring of protection from fire (curse)
MPRegen  0.08/turn              (no ring)

@: non-regenerating
A: damage resistance, heal wounds, sense surroundings 1, no regeneration
a: Heal Wounds


You were on level 2 of the Dungeon.
You were hungry.

You visited 1 branch of the dungeon, and saw 2 of its levels.

You collected 41 gold pieces.

Inventory:

Hand Weapons
 f - a +0 club (weapon)
Missiles
 d - 2 stones (quivered)
Armour
 a - a +0 robe (worn)
Jewellery
 h - an amulet of reflection (around neck)
 k - a cursed ring of protection from fire (left hand)
Scrolls
 e - a scroll of fog {unknown}
 i - 2 scrolls of identify {unknown}
 j - a scroll of remove curse {unknown}
Potions
 b - a potion of might {unknown}
 g - a potion of curing {unknown}
Comestibles
 c - 4 rations


   Skills:
 + Level 0.1 Fighting
 + Level 0.1 Maces & Flails
 * Level 2.5 Dodging
 - Level 2.4 Stealth
 + Level 0.3 Unarmed Combat
 + Level 1.7 Spellcasting
 * Level 5.1 Necromancy


You had 3 spell levels left.
You knew the following spells:

 Your Spells              Type           Power        Failure   Level  Hunger
a - Pain                  Necr           ###.         2%          1    ##.....

Your spell library contained the following spells:

 Spells                   Type           Power        Failure   Level  Hunger
 Animate Skeleton         Necr           N/A          2%          1    ##.....
 Vampiric Draining        Necr           ###.......   9%          3    ####...
 Animate Dead             Necr           N/A          26%         4    #####..
 Agony                    Necr           ###.....     58%         5    ######.


Dungeon Overview and Level Annotations

Branches:
Dungeon (2/15)

Altars:


Innate Abilities, Weirdness & Mutations

You are resistant to damage.
You can heal yourself by infusing magical energy.
You passively map a small area around you.
You do not regenerate.


Message History

A gnoll comes into view. It is wielding a +0 halberd.
The bat hits you but does no damage. The bat closely misses you.
You hit the bat.
You kill the bat!
You are feeling hungry.
The gnoll shouts!
The gnoll hits you from afar with a +0 halberd.
You hear a shout!
A kobold comes into view. It is wielding a -3 whip.
The kobold shouts!
You hear a shout!
The gnoll closely misses you.
You hit the gnoll.
The gnoll is lightly wounded.
The gnoll hits you with a +0 halberd.
You hit the gnoll but do no damage.
The gnoll is lightly wounded.
The gnoll hits you with a +0 halberd!
Ouch! That really hurt!
You die...

....$............#
.#####$#########.#
## #..# #.# # *
##.# #.# > *#*
#.## ,...** #..#
....####.# , ,
#K...#.## * ,,
#g@..# , ,##...# ,
, ##..# , * , ..##
, * ### *


You could see a gnoll and a kobold.

Vanquished Creatures
  3 dart slugs (D:1)
  A leopard gecko (D:1)
  A goblin (D:1)
  2 hobgoblins (D:1)
  3 kobolds (D:1)
  2 ball pythons (D:1)
  6 bats
  A frilled lizard (D:1)
19 creatures vanquished.

Notes
Turn   | Place    | Note
-------+----------+-------------------------------------------
     0 | D:1      | Daniler201 the Deep Dwarf Necromancer began the quest for
                  | the Orb.
     0 | D:1      | Reached XP level 1. HP: 15/15 MP: 3/3
   145 | D:1      | Reached XP level 2. HP: 10/22 MP: 4/4
   168 | D:1      | Reached skill level 5 in Necromancy
   970 | D:2      | Slain by a gnoll

Illustrated notes

Levels and vault maps discovered:
D:1:      wander_arrival_estate, layout_basic
D:2:      layout_rooms, fedhas_ov_isle_minmay, serial_undead, serial_undead_a,
          serial_undead_c, serial_undead_d, serial_undead_e, first_ration,
          minmay_pentomino_w2

Skill      XL: |  1  2 |
---------------+-------+-----
Necromancy     | 5 |  5.1
Fighting       | |  0.1
Maces & Flails | |  0.1
Dodging        | |  2.5
Stealth        | |  2.4
Unarmed Combat | |  0.3
Spellcasting   | |  1.7

Action                   || total
-------------------------++-------
Melee: Unarmed           ||    60
       Club              ||    84
Throw: Stone             ||     2
 Abil: Heal Wounds       ||     4
  Use: Scroll            ||     1
Armor: Robe              ||    68
Dodge: Dodged            ||   139
